 Dungeon Crawl Stone Soup version 0.22-a0-402-ga933591 (webtiles) character file.

8070 robertstho the Cleaver (level 11, -4/94 HPs)
             Began as a Hill Orc Berserker on May 7, 2018.
             Was an Elder of Trog.
             Slain by Erolcha
             ... wielding a +0 giant club
              (13 damage)
             ... on level 10 of the Dungeon.
             The game lasted 00:26:55 (10567 turns).

robertstho the Cleaver (Hill Orc Berserker)        Turns: 10567, Time: 00:26:55

Health: -4/94      AC: 15    Str: 21    XL:     11   Next: 25%
Magic:  11/11      EV:  8    Int:  7    God:    Trog [****..]
Gold:   302        SH:  0    Dex: 13    Spells: 10/10 levels left

rFire    . . .     SeeInvis .   C - +0 battleaxe
rCold    . . .     Gourm    .   (shield currently unavailable)
rNeg     . . .     Faith    .   s - +0 plate armour (curse)
rPois    +         Spirit   .   (no helmet)
rElec    .         Reflect  .   y - scarf {cloud immunity}
rCorr    +         Harm     .   F - +0 pair of gloves
MR       .....                  (no boots)
Stlth    ..........             (no amulet)
HPRegen  0.25/turn              I - ring of resist corrosion
MPRegen  0.12/turn              w - ring of poison resistance

@: berserk cooldown, slowed, heavily drained, very slow
A: no striking features
a: Berserk, Trog's Hand, Brothers in Arms, Renounce Religion, Convert to Beogh


You were on level 10 of the Dungeon.
You worshipped Trog.
Trog was greatly pleased with you.
You were near starving.

You visited 1 branch of the dungeon, and saw 10 of its levels.

You collected 804 gold pieces.
You spent 502 gold pieces at shops.

Inventory:

Hand Weapons
 f - a +0 war axe
 v - the +2 mace of Muvveff {crush, rElec Str+4 Int+4}
   (You bought it in a shop on level 4 of the Dungeon)

   It inflicts extra damage upon your enemies.
   It affects your strength (+4).
   It affects your intelligence (+4).
   It insulates you from electricity.
 z - a +4 scimitar of flaming
 C - a +0 battleaxe (weapon)
 K - a +2 hand axe of flaming
Missiles
 D - 7 tomahawks of dispersal (quivered)
 J - 6 poisoned tomahawks
Armour
 s - a cursed +0 plate armour (worn)
 y - a scarf of cloud immunity (worn)
 F - a +0 pair of gloves (worn)
Jewellery
 j - an uncursed ring of protection from cold
 q - an uncursed ring of protection from cold
 w - a ring of poison resistance (right hand)
 H - a cursed ring of teleportation
 I - a ring of resist corrosion (left hand)
Wands
 m - a wand of acid (8)
 p - a wand of paralysis (4)
 B - a wand of scattershot (3)
Scrolls
 d - a scroll of blinking
 i - 3 scrolls of remove curse
 k - 4 scrolls of teleportation {unknown}
 l - a scroll of enchant weapon
 r - a scroll of fear
 A - 2 scrolls of identify
Potions
 a - 3 potions of flight
 b - 3 potions of haste
 e - a potion of heal wounds
 g - a potion of cancellation {unknown}
 h - 5 potions of curing
 n - a potion of agility
 o - 2 potions of might
 t - 3 potions of lignification
 E - 2 potions of ambrosia
Comestibles
 c - 22 rations


   Skills:
 + Level 7.8(6.1) Fighting
 * Level 14.6(12.6) Axes
 + Level 0.4(6.5) Maces & Flails
 * Level 10.1(8.3) Armour
 * Level 5.7(4.1) Dodging
 + Level 1.1(0.0) Stealth


You had 10 spell levels left.
You didn't know any spells.

Dungeon Overview and Level Annotations

Branches:
Dungeon (10/15)            Temple (0/1) D:7            Lair (0/6) D:9
    Orc (0/2) D:9

Altars:
Fedhas
Makhleb
Trog

Shops:
D:4 (   D:6 *   D:8 =

Annotations:
D:8 1500 +5 ring slaying
D:10 Erolcha


Message History

You are no longer berserk.
You are exhausted.
You feel yourself slow down.
Erolcha zaps a wand.
You shrug off the repeated paralysis!
You feel much better. Erolcha closely misses you.
You fail to use your ability.
Erolcha hits you with a giant club!
* * * LOW HITPOINT WARNING * * *
Erolcha casts a spell at you. The crystal spear misses you.
You feel much better. Erolcha barely misses you.
Erolcha hits you with a giant club!!
* * * LOW HITPOINT WARNING * * *
You fail to use your ability.
Erolcha barely misses you.
The orc priest calls down the wrath of Beogh upon you.
Beogh smites you!
* * * LOW HITPOINT WARNING * * *
Your ogre goes berserk!
You are near starving!
Erolcha hits you with a giant club!
You die...

#.....
#.....
#.....##
.#......#
#..#
......))#
#..# #o#
#..# #o#
##..##
####O#
#.....
#.O@.# #
#.....
#.####.#.#
#.....
#........#
#.....
##..##.##
#.....
#..#
#.....
#..#
#.....
###..#
#.....
#....#
###...
#.##.####
# #...


You could see Erolcha, an orc priest, an orc and a friendly ogre (berserk).

Vanquished Creatures
  2 two-headed ogres
  Nergalle (D:10)
  Joseph (D:10)
  A troll (D:10)
  Grinder (D:4)
  A hippogriff (D:10)
  A meliai zombie (D:9)
  Sigmund (D:4)
  3 yaks (D:6)
  A wyvern (D:8)
  Duvessa (D:4)
  An ice beast (D:9)
  4 orc warriors
  3 sky beasts
  A black bear (D:6)
  A necrophage (D:5)
  2 ogres
  2 wolves (D:9)
  2 centaurs
  3 big kobolds
  3 bullfrogs
  Dowan (D:4)
  A water moccasin skeleton (D:8)
  A scorpion (D:4)
  8 killer bees
  2 howler monkeys
  An electric eel (D:9)
  4 crimson imps
  4 orc priests (D:10)
  2 bullfrog skeletons
  7 hounds
  2 jellies
  3 orc wizards
  A centaur skeleton (D:4)
  A gnoll shaman (D:6)
  An iguana (D:8)
  7 worker ants
  A hound zombie (D:6)
  A howler monkey zombie (D:5)
  4 gnolls (D:6)
  10 adders
  2 shadow imps
  An ooze (D:2)
  7 worms
  4 dart slugs
  4 leopard geckos
  17 orcs
  6 bats
  7 giant cockroaches
  8 hobgoblins
  14 jackals
  18 kobolds
  4 quokkas
  6 frilled lizards
  7 goblins
  A jackal skeleton (D:4)
  A jackal zombie (D:5)
  12 rats
217 creatures vanquished.

Vanquished Creatures (collateral kills)
  Erica (D:8)
  A troll (D:9)
  A wolf (D:9)
  A centaur (D:9)
  A scorpion (D:9)
  A crimson imp (D:8)
  A hound (D:9)
7 creatures vanquished.

Grand Total: 224 creatures vanquished

Notes
Turn   | Place    | Note
-------+----------+-------------------------------------------
     0 | D:1      | robertstho the Hill Orc Berserker began the quest for the Orb.
     0 | D:1      | Reached XP level 1. HP: 19/19 MP: 1/1
    32 | D:1      | Reached XP level 2. HP: 27/27 MP: 2/2
   445 | D:1      | Reached XP level 3. HP: 33/33 MP: 3/3
   583 | D:1      | Reached ** piety under Trog
   938 | D:2      | Reached skill level 5 in Axes
  1006 | D:2      | Reached XP level 4. HP: 24/40 MP: 4/4
  1811 | D:3      | Reached XP level 5. HP: 38/46 MP: 5/5
  1833 | D:3      | Reached *** piety under Trog
  2039 | D:3      | Paralysed by a kobold for 4 turns
  2068 | D:3      | Reached skill level 6 in Axes
  2599 | D:4      | Reached XP level 6. HP: 50/53 MP: 6/6
  2644 | D:4      | HP: 1/53 [ogre/giant spiked club (27)]
  2906 | D:4      | Noticed Sigmund
  2923 | D:4      | Killed Sigmund
  2923 | D:4      | Reached skill level 7 in Axes
  2923 | D:4      | Reached XP level 7. HP: 60/60 MP: 7/7
  3241 | D:4      | Noticed Duvessa
  3251 | D:4      | Noticed Grinder
  3258 | D:4      | Killed Duvessa
  3258 | D:4      | Reached skill level 8 in Axes
  3258 | D:4      | Reached skill level 5 in Armour
  3259 | D:4      | Noticed Dowan
  3262 | D:4      | Killed Dowan
  3270 | D:4      | Paralysed by Grinder for 5 turns
  3310 | D:4      | Paralysed by Grinder for 2 turns
  3314 | D:4      | Killed Grinder
  3314 | D:4      | Reached skill level 5 in Fighting
  3314 | D:4      | Reached XP level 8. HP: 64/68 MP: 8/8
  3497 | D:4      | Found Cujay's Antique Weapon Boutique.
  3521 | D:4      | Reached skill level 9 in Axes
  3521 | D:4      | Reached skill level 1 in Stealth
  3530 | D:4      | Bought a dazzling mace for 184 gold pieces
  3530 | D:4      | Identified the +2 mace of Muvveff {crush, rElec Str+4 Int+4} (You bought it in a shop on level 4 of the Dungeon)
  3540 | D:4      | Noticed a moth of wrath
  3543 | D:4      | Found a bloodstained altar of Trog.
  3961 | D:5      | Entered Level 5 of the Dungeon
  4259 | D:5      | Found a burning altar of Makhleb.
  4806 | D:6      | Reached skill level 10 in Axes
  5108 | D:6      | Reached **** piety under Trog
  5115 | D:6      | Reached XP level 9. HP: 75/75 MP: 9/9
  5367 | D:7      | Noticed a two-headed ogre
  5378 | D:7      | Killed a two-headed ogre
  5378 | D:7      | Reached skill level 11 in Axes
  6144 | D:7      | Found a staircase to the Ecumenical Temple.
  6170 | D:7      | Reached skill level 12 in Axes
  6543 | D:6      | Reached XP level 10. HP: 54/84 MP: 10/10
  6737 | D:6      | Found Uvoug's General Store.
  7346 | D:8      | Noticed Erica
  7377 | D:8      | Killed Erica
  7440 | D:8      | Found Koffag's Jewellery Emporium.
  7442 | D:8      | Bought an uncursed ring of poison resistance for 260 gold pieces
  7442 | D:8      | Bought a cursed ring of teleportation for 58 gold pieces
  7589 | D:8      | Reached skill level 13 in Axes
  7802 | D:8      | Reached skill level 5 in Dodging
  8529 | D:9      | Found a staircase to the Lair.
  8589 | D:9      | Found a staircase to the Orcish Mines.
  9355 | D:10     | Entered Level 10 of the Dungeon
  9435 | D:10     | Noticed a two-headed ogre
  9444 | D:10     | Killed a two-headed ogre
  9444 | D:10     | Reached skill level 14 in Axes
  9444 | D:10     | Reached XP level 11. HP: 50/92 MP: 11/11
  9731 | D:10     | Found a blossoming altar of Fedhas.
  9852 | D:10     | Noticed Nergalle
  9870 | D:10     | Killed Nergalle
  9870 | D:10     | Received a gift from Trog
 10065 | D:10     | Reached skill level 10 in Armour
 10199 | D:10     | Noticed Joseph
 10220 | D:10     | Killed Joseph
 10545 | D:10     | Noticed Erolcha
 10554 | D:10     | Paralysed by Erolcha for 5 turns
 10559 | D:10     | HP: 6/141 [Erolcha/crystal spear (45)]
 10567 | D:10     | Slain by Erolcha

Vault maps used:
D:1:      dpeg_arrival_tiny_j
D:3:      bh_walls_and_bars
D:4:      minmay_opposing_rooms, tgw_trog, serial_shops,
          nicolae_shop_overgrown_old_shop, first_ration, uniq_duvessa,
          uniq_grinder, uniq_sigmund
D:5:      basic_altar, minmay_misc_feat_roman, kennysheep_generic_room_7
D:6:      serial_shops, shop_statue, minmay_unpleasant_kobolds
D:7:      temple_fountains
D:8:      serial_shops, shop, uniq_erica
D:9:      erik_lair_island
D:10:     special_room, fedhas_altar_2, uniq_joseph, uniq_erolcha, uniq_grum,
          uniq_nergalle

Skill      XL: |  1  2  3  4  5  6  7  8  9 10 11 |
---------------+----------------------------------+-----
Fighting       | 4 5 6 7 |  7.8
Dodging        | 2 3 4 5 |  5.7
Axes           | 5 6 7 8 10 12 14 | 14.6
Armour         | 3 4 5 6 8 9 10 | 10.1
Stealth        | 1 |  1.1
Maces & Flails | |  0.4

Action                   |  1- 3 |  4- 6 |  7- 9 | 10-12 || total
-------------------------+-------+-------+-------+-------++-------
Melee: Hand axe          |   101 |   202 |     4 |    32 ||   339
       War axe           |       |       |   237 |    16 ||   253
       Battleaxe         |       |       |       |   211 ||   211
       Mace              |       |       |       |     6 ||     6
Invok: Berserk           |     2 |     3 |     7 |     6 ||    18
       Trog's Hand       |       |     1 |     2 |     1 ||     4
       Brothers in Arms  |       |       |       |     3 ||     3
  Use: Scroll            |       |     9 |     3 |     8 ||    20
       Potion            |       |       |       |     4 ||     4
 Stab: Sleeping          |     1 |       |       |       ||     1
  Eat: Chunk             |     2 |     8 |     8 |    14 ||    32
       Ration            |       |     1 |     2 |     2 ||     5
Armor: Animal skin       |    12 |       |       |       ||    12
       Ring mail         |     9 |    66 |    23 |       ||    98
       Plate armour      |       |       |   126 |   185 ||   311
Dodge: Dodged            |    62 |   137 |   127 |   152 ||   478

Table legend:
 A = Spawn XP
 B = Non-spawn XP
 C = Spawn XP percentage of total XP
 D = Spawn monster count
 E = Non-spawn monster count
 F = Spawn count percentage of total count
 G = Total turns spent on level
                    A         B        C        D         E        F      G
               +---------+---------+-------+---------+---------+-------+---------
         Total |       0 |   11529 |   0.0 |       0 |     224 |   0.0 | 10567
               +---------+---------+-------+---------+---------+-------+---------
           D:1 |       0 |      47 |   0.0 |       0 |      28 |   0.0 |   782
           D:2 |       0 |      78 |   0.0 |       0 |      22 |   0.0 |   725
           D:3 |       0 |     116 |   0.0 |       0 |      27 |   0.0 |  1235
           D:4 |       0 |    1268 |   0.0 |       0 |      30 |   0.0 |  1219
           D:5 |       0 |     339 |   0.0 |       0 |       7 |   0.0 |  1017
           D:6 |       0 |    2014 |   0.0 |       0 |      38 |   0.0 |   961
           D:7 |       0 |    1650 |   0.0 |       0 |      19 |   0.0 |  1379
           D:8 |       0 |    1052 |   0.0 |       0 |       8 |   0.0 |   561
           D:9 |       0 |    1481 |   0.0 |       0 |      19 |   0.0 |  1476
          D:10 |       0 |    3484 |   0.0 |       0 |      26 |   0.0 |  1212
               +---------+---------+-------+---------+---------+-------+---------
